Cogmind - Beta 14 @@@ ROGUE MODE // 2024.11.03 @ 13:26:50 Player: Pitt Result: Destroyed by G-50 Soldier with Heavy Laser Performance ------------- Evolutions (2) 1000 Regions Visited (4) 800 Robots Destroyed (32) 160 Value Destroyed (789) 789 Prototype IDs (2) 40 Alien Tech Used (0) 0 Bonus (0) 0 TOTAL SCORE: 2789 Bonus ------- None Cogmind --------- Core Integrity 0/550 Matter 300/300 Energy 160/160 System Corruption 0% Temperature Cool (46) Movement Walking (190) Ox1 Location -8/Materials Parts ------- > --- POWER (1) -------- Light Nuclear Core > --- PROPULSION (3) --- Aluminum Leg Carbon-fiber Leg > --- UTILITY (5) ------ Small Storage Unit Small Storage Unit Targeting Computer Light Armor Plating Tractor Beam > --- WEAPON (2) ------- Enhanced Autogun Gauss Rifle > --- INVENTORY (8) ---- Improved Ion Engine Weight Redist. System Advanced Weight Redist. System Structural Scanner Datajack Mining Laser Peak State ------------ > --- POWER ------------ Light Nuclear Core > --- PROPULSION ------- Aluminum Leg Carbon-fiber Leg > --- UTILITY ---------- Small Storage Unit Small Storage Unit Terrain Scan Processor Targeting Computer Tractor Beam > --- WEAPON ----------- Enhanced Autogun Gauss Rifle > --- INVENTORY -------- Improved Ion Engine Weight Redist. System Structural Scanner Datajack Mining Laser [Rating: 21] Favorites ----------- Power Ion Engine Engine Ion Engine Power Core Light Nuclear Core Propulsion Wheel Leg Aluminum Leg Wheel Wheel Utility Small Storage Unit Device Improved Terrain Scanner Storage Small Storage Unit Processor Terrain Scan Processor Protection Light Armor Plating Weapon Improved Assault Rifle Energy Gun Beam Rifle Ballistic Gun Improved Assault Rifle Launcher Grenade Launcher Special Weapon Mining Laser Special Melee Weapon Datajack Build | -11 -10 -9 -9 -8 ------- Run | Yrd Mat Mat Min Mat Slots Evolved 4 | . . 2 . 2 Power . | . . . . . Propulsion 1 | . . . . 1 Utility 3 | . . 2 . 1 Weapon . | . . . . . Parts Attached 48 | 8 9 7 6 18 Power 3 | 1 . . 1 1 Engine 2 | 1 . . 1 . Core 1 | . . . . 1 Reactor . | . . . . . Propulsion 9 | 3 . . 3 3 Treads . | . . . . . Leg 2 | . . . . 2 Wheel 7 | 3 . . 3 1 Hover . | . . . . . Flight . | . . . . . Utility 10 | 2 . 2 . 6 Device 5 | 1 . 1 . 3 Storage 2 | 1 . . . 1 Processor 2 | . . 1 . 1 Hackware . | . . . . . Protection 1 | . . . . 1 Artifact . | . . . . . Weapon 26 | 2 9 5 2 8 Energy Gun 11 | . 5 2 2 2 Energy Cannon . | . . . . . Ballistic Gun 8 | 2 2 1 . 3 Ballistic Cannon . | . . . . . Launcher 2 | . . . . 2 Special Weapon 4 | . 2 1 . 1 Impact Weapon . | . . . . . Slashing Weapon . | . . . . . Piercing Weapon . | . . . . . Special Melee Weapon 1 | . . 1 . . Unidentified Prototypes 2 | . . 1 . 1 Parts Lost 12 | . . . . 12 Power 1 | . . . . 1 Propulsion 3 | . . . . 3 Utility 4 | . . . . 4 Weapon 4 | . . . . 4 Highest Loss Streak 9 | . . . . 9 To Critical Strikes . | . . . . . Average Slot Usage (%) 93 | . 100 99 100 66 Engine 10 | . 14 11 11 4 Wheel 22 | . 28 22 22 12 Device 17 | . 14 21 22 10 Storage 11 | . 14 11 11 9 Processor 7 | . . 10 11 10 Energy Gun 9 | . 13 13 2 6 Ballistic Gun 10 | . 13 8 11 8 Special Melee Weapon 1 | . . . 8 . Peak Build Rating 21 | 9 11 15 15 21 Average Rating 12 | 6 9 14 15 13 On Entrance 10 | . 9 11 15 15 Naked Turns . | . . . . . Heaviest Build 26 | 14 17 18 17 26 Greatest Support 30 | 26 20 20 20 30 Greatest Overweight (x) 3 | . . . . 3 Average Overweight (x) . | . . . . . Largest Inventory Capacity 8 | 8 8 8 8 8 Average Capacity 7 | 7 8 8 8 8 Most Carried 8 | 7 8 8 8 8 Average Carried 7 | 3 7 7 7 6 Final Capacity 8 | 8 8 8 8 8 Final Carried 8 | 7 8 8 8 6 Class Distribution -------------------- 59% | Scavenger-Mutant 40% | Mutant Dominant Class ---------------- Mutant | -10/Materials Scavenger-Mutant | -9/Materials Scavenger-Mutant | -9/Mines Scavenger-Mutant | -8/Materials Resources | -11 -10 -9 -9 -8 ----------- Run | Yrd Mat Mat Min Mat Matter Collected 961 | 289 71 175 99 327 Remotely 60 | . . . . 60 Salvage Created 1141 | 165 85 182 169 540 Parts 81 | 16 8 12 12 33 Haulers Intercepted 1 | . . . . 1 Recyclers Shooed 3 | . . . 1 2 Parts Field Recycled . | . . . . . Retrieved Matter . | . . . . . Parts Self-Destructed . | . . . . . Prevented . | . . . . . Kills | -11 -10 -9 -9 -8 ------- Run | Yrd Mat Mat Min Mat Combat Hostiles Destroyed 17 | . 2 3 3 9 Guns 13 | . 2 3 3 5 AOE 4 | . . . . 4 Classes Destroyed 10 | 2 2 2 1 3 Worker 1 | . . . . 1 Builder 3 | . 1 . 1 1 Tunneler 5 | 4 . . 1 . Hauler 1 | . . . . 1 Recycler 3 | 1 . . 1 1 Watcher 2 | . . 1 . 1 Swarmer 3 | . . . 3 . Grunt 8 | . 2 1 . 5 Sentry 4 | . . 2 . 2 Hunter 2 | . . . . 2 Best Kill Streak 8 | 3 2 1 3 8 Combat Bots Only 4 | . 2 1 3 4 Max Kills in Single Turn 3 | 1 1 1 1 3 Gunslinging . | . . . . . Exploded 2 | . . . . 2 Melee . | . . . . . Uniques/NPCs Destroyed . | . . . . . Combat | -11 -10 -9 -9 -8 -------- Run | Yrd Mat Mat Min Mat Hostile Shots Fired 186 | . 12 7 21 146 Missed 62 | . 4 1 8 49 Damage Taken 1693 | . 89 66 96 1442 Core 602 | . 24 7 6 565 Absorbed by Shields . | . . . . . Core Remaining (%) 95 | 100 90 . 96 . Volleys Fired 91 | 13 11 8 13 46 Largest 2 | 2 2 2 2 2 Hottest 112 | 40 100 100 79 112 Shots Fired 143 | 26 20 15 21 61 Gun 131 | 26 18 14 21 52 Cannon . | . . . . . Launcher 9 | . . . . 9 Special 3 | . 2 1 . . Kinetic 90 | 26 8 7 13 36 Thermal 30 | . 12 1 1 16 Explosive 9 | . . . . 9 Electromagnetic 14 | . . 7 7 . Robot Hit Streak 23 | 5 4 9 14 23 Robot Miss Streak 3 | 2 2 2 3 2 Penetration Max . | . . . . . Secondary Targets 1 | . 1 . . . Max Gunslinging Chain 1 | . 1 . . . Shots Hit Robots 94 | 13 9 11 14 47 Core Hits 60 | 9 5 6 6 34 Critical Kills 1 | . . . . 1 Critical Parts Destroyed . | . . . . . Critical Strikes 5 | . 1 . 1 3 Burn 3 | . 1 . . 2 Destroy 1 | . . . . 1 Corrupt 1 | . . . 1 . Melee Attacks 3 | . . 2 1 . Impact . | . . . . . Slashing . | . . . . . Piercing . | . . . . . Sneak Attacks 3 | . . 2 1 . Combat Hostiles . | . . . . . Follow-up Attacks . | . . . . . Damage Inflicted 1978 | 156 110 136 175 1401 Guns 1272 | 156 110 136 175 695 Cannons . | . . . . . Explosions 696 | . . . . 696 Melee . | . . . . . Ramming 10 | . . . . 10 Kinetic 854 | 156 33 48 115 502 Thermal 284 | . 77 . 14 193 Explosive 696 | . . . . 696 Electromagnetic 134 | . . 88 46 . Impact . | . . . . . Slashing . | . . . . . Piercing . | . . . . . Highest Corruption 1 | . . 1 1 . Average Corruption 1 | . . 1 1 . Corruption Purged . | . . . . . Corruption Blocked . | . . . . . Effects 7 | . . 3 4 . Message Errors 4 | . . 2 2 . Matter Fused 1 | . . 1 . . Parts Fused 2 | . . . 2 . Overload Shots . | . . . . . Overflow Damage . | . . . . . Projectiles . | . . . . . Explosions . | . . . . . Melee . | . . . . . Knockbacks . | . . . . . Impact . | . . . . . Kinetic . | . . . . . Secondary . | . . . . . Self-Inflicted Damage 5 | . . . . 5 Shots . | . . . . . Rammed 4 | . . . . 4 Targets Rammed 4 | . . . . 4 Kicked . | . . . . . Crushed . | . . . . . Highest Temperature 231 | . 231 8 9 24 Average Temperature 49 | . 94 4 6 9 Received Heat Transfer 558 | . 48 15 . 495 Siege Activations . | . . . . . Robots Corrupted . | . . . . . Combat Hostiles . | . . . . . Parts Fried 1 | . . 1 . . Impact Corruptions . | . . . . . Robots Melted . | . . . . . Combat Hostiles . | . . . . . Parts Melted 1 | . . . . 1 Heat Transferred 962 | . 296 . 37 629 Parts Sabotaged . | . . . . . Parts Stolen . | . . . . . Parts Stripped . | . . . . . Power Chain Reactions . | . . . . . Alert | -11 -10 -9 -9 -8 ------- Run | Yrd Mat Mat Min Mat Peak Influence 283 | 25 51 96 95 283 Initial 37 | . 16 21 . 37 Average 34 | 11 14 30 22 98 Maximum Alert Level 1 | . . . . 1 Low Security (%) 99 | 100 100 100 100 94 Level 1 . | . . . . 5 Level 2 . | . . . . . Level 3 . | . . . . . Level 4 . | . . . . . Level 5 . | . . . . . High Security . | . . . . . Max Security . | . . . . . Squads Dispatched 6 | . 1 . . 5 Investigation 1 | . 1 . . . Extermination . | . . . . . Reinforcement 2 | . . . . 2 Assault . | . . . . . Garrison 3 | . . . . 3 Intercept . | . . . . . Searches Triggered . | . . . . . Construction Impeded 1 | . . . . 1 Haulers Reinforced . | . . . . . Active Scanning Responses . | . . . . . Cargo Convoy Interrupts . | . . . . . Stealth | -11 -10 -9 -9 -8 --------- Run | Yrd Mat Mat Min Mat Distress Signals 2 | . . 1 . 1 Communications Jammed . | . . . . . Distress Signals . | . . . . . Times Spotted 30 | . 2 6 4 18 Peak Tracking Total 8 | . 2 5 4 8 Tactical Retreats 4 | . . . 1 3 Traps | -11 -10 -9 -9 -8 ------- Run | Yrd Mat Mat Min Mat Traps Triggered 2 | . 1 1 . . Indirectly . | . . . . . Trap Hack Attempts . | . . . . . Triggered . | . . . . . Disarmed . | . . . . . Reprogrammed . | . . . . . Reused . | . . . . . Traps Extracted . | . . . . . Installed . | . . . . . Triggered . | . . . . . Machines | -11 -10 -9 -9 -8 ---------- Run | Yrd Mat Mat Min Mat Machines Disabled 2 | . . . . 2 Max in Single Turn 1 | . . . . 1 Machines Repaired . | . . . . . Machines Dismantled . | . . . . . Machines Sabotaged . | . . . . . Overloaded Fab Kills . | . . . . . Hacking | -11 -10 -9 -9 -8 --------- Run | Yrd Mat Mat Min Mat Machines Accessed 5 | . 3 2 . . Terminals 5 | . 3 2 . . Fabricators . | . . . . . Repair Stations . | . . . . . Recycling Units . | . . . . . Scanalyzers . | . . . . . Garrison Access . | . . . . . Total Hacks 12 | . 7 5 . . Successful 4 | . 2 2 . . Failed 8 | . 5 3 . . Catastrophic 1 | . 1 . . . Database Lockouts . | . . . . . Manual 10 | . 7 3 . . Terminals 12 | . 7 5 . . Fabricators . | . . . . . Repair Stations . | . . . . . Recycling Units . | . . . . . Scanalyzers . | . . . . . Garrison Access . | . . . . . Terminal Hacks 3 | . 1 2 . . Terminal Index 2 | . 1 1 . . Alert Level 1 | . . 1 . . Fabricator Hacks . | . . . . . Repair Station Hacks . | . . . . . Recycling Unit Hacks . | . . . . . Scanalyzer . | . . . . . Garrison Access Hacks . | . . . . . Unauthorized Hacks 1 | . 1 . . . Terminals 1 | . 1 . . . Operators 1 | . 1 . . . Fabricators . | . . . . . Repair Stations . | . . . . . Recycling Units . | . . . . . Scanalyzers . | . . . . . Garrison Access . | . . . . . Data Cores Recovered . | . . . . . Used . | . . . . . Hacking Detections 5 | . 3 2 . . Full Trace Events . | . . . . . Feedback Events . | . . . . . Feedback Blocked . | . . . . . Robot Schematics Acquired . | . . . . . Robots Built . | . . . . . Authchips . | . . . . . Time . | . . . . . Total Robot Build Rating . | . . . . . Part Schematics Acquired . | . . . . . Parts Built . | . . . . . Authchips . | . . . . . Time . | . . . . . Total Part Build Rating . | . . . . . Parts Repaired . | . . . . . Time . | . . . . . Parts Recycled . | . . . . . Recycled Matter . | . . . . . Retrieved Matter . | . . . . . Retrieved Components . | . . . . . Parts Scanalyzed . | . . . . . Part Schematics Acquired . | . . . . . Parts Damaged . | . . . . . Bothacking | -11 -10 -9 -9 -8 ------------ Run | Yrd Mat Mat Min Mat Used RIF Installer . | . . . . . Robots Hacked 1 | . . . 1 . Non-combat 1 | . . . 1 . Combat . | . . . . . Robot Hacks Applied 1 | . . . 1 . no_distress 1 | . . . 1 . Relay Couplers Released . | . . . . . Fabnet Peak Effective % . | . . . . . Robots Rewired . | . . . . . Allies Hacked . | . . . . . Hacks Repelled . | . . . . . Allies | -11 -10 -9 -9 -8 -------- Run | Yrd Mat Mat Min Mat Total Allies . | . . . . . Largest Group . | . . . . . Highest-Rated Group . | . . . . . Highest-Rated Ally . | . . . . . Total Orders . | . . . . . Ally Attacks . | . . . . . Total Damage . | . . . . . Kills . | . . . . . Allies Corrupted . | . . . . . Allies Melted . | . . . . . Intel | -11 -10 -9 -9 -8 ------- Run | Yrd Mat Mat Min Mat Robot Analysis Total . | . . . . . Derelict Logs Recovered 1 | . . . 1 . Drone Launches . | . . . . . Drone Recoveries . | . . . . . Exploration | -11 -10 -9 -9 -8 ------------- Run | Yrd Mat Mat Min Mat Turns Passed 2812 | 149 778 821 589 475 Spaces Moved 833 | 110 182 191 226 124 Core 52 | 1 . . . 51 Treads . | . . . . . Legs 25 | . . . . 25 Wheels 756 | 109 182 191 226 48 Hover . | . . . . . Flight . | . . . . . Fastest Speed 50 | 50 80 80 80 80 Average Speed 85 | 84 80 80 80 110 Slowest Speed 200 | 90 80 80 80 200 Overloaded Moves . | . . . . . Propulsion Burnouts . | . . . . . Robots Hopped . | . . . . . Cave-ins Triggered . | . . . . . Exploration Rate (%) 20 | 4 35 21 29 12 Regions Visited 4 Branch Regions 1 Pre-discovered Areas . | . . . . . Known Exits Taken . | . . . . . Unknown Exits Taken 4 | 1 1 1 1 . Scrap Searched 1 | . . . 1 . Spaces Dug 10 | . 2 1 . 7 Terrain Destroyed 53 | . 2 1 . 50 Melee . | . . . . . Projectile 3 | . 2 1 . . AOE 50 | . . . . 50 Terrain Rammed . | . . . . . Walls Destroyed . | . . . . . Machines Disabled . | . . . . . Actions | -11 -10 -9 -9 -8 --------- Run | Yrd Mat Mat Min Mat Total 2783 | 139 791 838 611 404 Wait 1777 | . 576 629 364 208 Move 829 | 109 181 190 225 124 Hop . | . . . . . Pick Up 18 | 8 5 2 . 3 Fast Attach 19 | 7 3 . . 9 Attach 7 | . . 2 . 5 Detach 1 | . . . . 1 Swap 22 | 1 6 5 6 4 Drop 12 | 1 9 . 2 . Fire 91 | 13 11 8 13 46 Melee 3 | . . 2 1 . Ram 4 | . . . . 4 Kick . | . . . . . Crush . | . . . . . Escape Stasis . | . . . . . Rewire . | . . . . . Trap . | . . . . . Miscellaneous . | . . . . . Route ------- -11/Scrapyard -10/Materials -9/Materials -9/Mines -8/Materials History --------- Turn | Location | Event 9 | -11/Scrapyard | Discovered new exit (range 15) 150 | -11/Scrapyard | Entered Materials 307 | -10/Materials | Build established: Mutant 881 | -10/Materials | Discovered new exit (range 14) 928 | -10/Materials | Entered another Materials area 928 | -9/Materials | Evolved 2 slots: Utility x2 1260 | -9/Materials | Build established: Scavenger-Mutant 1735 | -9/Materials | Discovered new exit (range 15) 1749 | -9/Materials | Entered Mines 1970 | -9/Mines | Discovered new exit (range 7) 2273 | -9/Mines | Learned Materials stockpile data 2338 | -9/Mines | Entered Materials 2338 | -8/Materials | Evolved 2 slots: Propulsion x1, Utility x1 2625 | -8/Materials | Lost 9 parts (1p3n3u2w) 2625 | -8/Materials | Core integrity fell below 50% 2677 | -8/Materials | Core integrity fell below 20% 2695 | -8/Materials | Lost 3 parts (1u2w) 2813 | -8/Materials | Destroyed by G-50 Soldier with Heavy Laser Last Messages --------------- 02767_ Acquired Sml. Storage Unit. 02768_ K-01 Serf collects debris. 02771_ Acquired Imp. Ion Engine. 02772_ R-06 Scavenger collects Com. Wheel. 02774_ K-01 Serf collects debris. 02775_ Acquired Tractor Beam. 02775_ K-01 Serf collects debris. 02776_ Acquired 42 matter. 02776_ R-06 Scavenger collects Hvy. Assault Rifle. 02777_ Discarded Broken Terrain Scan Processor. 02778_ K-01 Serf collects debris. 02778_ Acquired Lgt. Armor Plating. 02779_ Acquired 10 matter. 02780_ K-01 Serf collects debris. 02789_ Acquired Adv. Weight Redist. System. 02801_ O-16 Technician: "IFF HANDSHAKE FAILED. SECURING TERMINAL." 02804_ ALERT: Hostiles spotted, dispatching reinforcements to Terminal M010. 02812_ Acquired 8 matter. 02813_ Critical hit (Burn: +37). Map ----- +----------------------------------------------------+ | ?????????????????????????????????????????????????? | | ?????????????????????????????????????????????????? | | ?????????????????????????????????????????????????? | | ???!?????????????????????????????????????????????? | | ?????????????????????????????????????????????????? | | ?????????????????????????????????????????????????? | | ?????????????????????????????????????????????????? | | ?????????????????????????????????????????????????? | | ??????????????????????????!??????????????????????? | | ?????????????????????????????????????????????????? | | ?????????????????????????????????????????????????? | | ?????????????????????????????????????????????????? | | ?????????????????????????????????????????????????? | | ?????????????????????????????????????????????????? | | ?????????????????????????????????????????????????? | | ?????????????????????????????????????????????????? | | ???????????????????##########????????????????????? | | ???????????????????# #??????? ?????????? | | ???????????????????+ """"" #??????? #????????? | | ???????????????????# """"" #??????? #? ?????? | | ???????????????????# """" #??????? ###??##??? | | ???????????????????# % #??????? # ? ?## | | ???????????????????# """" #??????? + #?? | | ???????????????????# """" #???????# # " " ??? | | ???????????????????# """" #?????### # "G" ?#? | | ????????=??????????# @ #????#### # " ### | | ???????????????????#####g############ # ### | | ???????????????????????# # #?## ### ### | | ???????????????????????# # """ #### ## # | | ???????????????????????# # """ #### % # # ## | | ???????????????????????# + """ ## ######## # | | ???????????????????????# # # % # % # | | ???????????????????##### ####+####### # # | | ??????????????? # # | | ??????????????? % / # | | ??????????????? # # | | ???????????????? ######## ##### ## + | | ???????????????? ? ????##?# # # ## # | | ??????????????????? ????#???# ##### ## # | | ?????????????????? ?????#### ##### ## # | | ?????????????????? ??????#### ##??# ########### | | ?????????????????! ???????### ##### ##?#? ? | | ???????????????? ??????? ?# ###?# ##### ? | | ?????????????????????????? ??# ##?##+##### ? | | ??????????????????????????? # # ? ? ## | | ??????????????????????????? # # ?## ? | | ?????????????????????????????# # ? ?## | | ???????????????????????????? # # ## ? | | ?????????????????????????????# + ? ?## | | ?????????????????????????????? # ?"?"## | +----------------------------------------------------+ Best States ------------- Heat Dissipation 41 Energy Generation 14 Energy Capacity 250 Matter Stores 300 Matter Capacity 300 Sight Range 16 Terrain Scan Range 16 Terrain Scan Density 85 Armor Coverage 150 Evasion (%) 45 Targeting Accuracy 5 Item Schematics ----------------- None Robot Schematics ------------------ None Fabricated ------------ Nothing Alien Tech Used ----------------- None Achievements -------------- None Challenges ------------ None Game ------ Seed BiometalCatalystBrace Manual? 0 Play Time 00:18:26 Cumulative 220.9 hours Start 2024.11.02 @ 01:01:16 End 2024.11.03 @ 13:26:50 Sessions 2 Manual Loads 0 Difficulty Rogue Special Mode None Game No. 344 Rogue 344 Adventurer 0 Explorer 0 Win Type - Total 0 Types 0/0/0/0/0/0/0/0/0 Lore% 38 Gallery% 56 Achievement% 41 Wizard Run 0 Options --------- Layout 0 ASCII 0 Keyboard 0 Movement Mouse Keybinds 0 Fullscreen 1 Font 18/SmallcapsGlow Map View 76x50 Zoom Use 0% Tactical HUD 1 Map Filters NONE Filters NONE Steam 1 RUN: 8d869b3d-976c-4c96-be13-177074d2fb93